 Dungeon Crawl Stone Soup version 0.29.1-14-g9c671dbff4 (webtiles) character file.

Game seed: 15800786624884635662

91 fleeber the Slasher (level 4, 0/33 HPs)
             Began as a Merfolk Gladiator on Feb 19, 2023.
             Succumbed to an orc priest's poison
             ... on level 2 of the Dungeon.
             The game lasted 00:05:11 (2685 turns).

fleeber the Slasher (Merfolk Gladiator)             Turns: 2685, Time: 00:05:11

Health: 0/33       AC:  4    Str: 14    XL:     4   Next: 59%
Magic:  6/6        EV: 13    Int:  7    God:
Gold:   121        SH:  0    Dex: 17    Spells: 6/6 levels left

rFire   . . .      SeeInvis .   a - +0 long sword
rCold   . . .      Faith    .   (no shield)
rNeg    . . .      Spirit   .   b - +0 leather armour
rPois   .          Reflect  .   c - +0 helmet
rElec   .          Harm     .   (no cloak)
rCorr   .          Rampage  .   (no gloves)
Will    .....                   (no boots)
Stlth   +.........              (no amulet)
HPRegen 0.11/turn               (no ring)
MPRegen 0.10/turn               (no ring)

@: lethally poisoned (0 -> -25)
A: (nimble swimmer 2), mertail
a: no special abilities


You were on level 2 of the Dungeon.
You visited 1 branch of the dungeon, and saw 3 of its levels.

You collected 121 gold pieces.

Inventory:

Hand Weapons
 a - a +0 long sword (weapon)
Missiles
 d - 3 throwing nets (quivered)
 e - a javelin
Armour
 b - a +0 leather armour (worn)
 c - a +0 helmet (worn)
Scrolls
 h - 3 scrolls of identify {unknown}
 i - a scroll of noise {unknown}
 j - a scroll of vulnerability {unknown}
 l - a scroll of fear {unknown}
Potions
 f - 2 potions of haste
 g - a potion of attraction {unknown}
 k - a potion of degeneration {unknown}


   Skills:
 - Level 2.1 Fighting
 * Level 5.1 Long Blades
 - Level 2.0 Throwing
 - Level 4.0 Dodging
 + Level 1.5 Spellcasting
 + Level 2.4 Transmutations


You had 6 spell levels left.
You didn't know any spells.
Your spell library contained the following spells:

 Spells                   Type           Power      Damage    Failure   Level
 Beastly Appendage        Tmut           6%         N/A       19%         1
 Wereblood                Tmut           3%         N/A       28%         2
 Foxfire                  Conj/Fire      0%         2x1d4     45%         1
 Spider Form              Tmut/Pois      2%         N/A       67%         3
 Conjure Flame            Conj/Fire      0%         6-21      83%         3
 Inner Flame              Hex/Fire       0%         N/A       83%         3
 Flame Wave               Conj/Fire      0%         2d4       99%         4


Dungeon Overview and Level Annotations

Branches:
Dungeon (3/15)

Altars:
Hepliaklqana


Innate Abilities, Weirdness & Mutations

((You are very nimble when in or above water. (Stealth+, EV+, Speed+++)))
Your lower body shifts to a powerful aquatic tail in water.


Message History

You see here a +0 club.
You start resting.
HP restored.
There is a stone staircase leading down here.
There is a stone staircase leading down here.
You climb downwards.
Found a dagger.
There is a stone staircase leading up here.
An orc comes into view.
It is wielding a +0 whip of electrocution.
Found a cloak.
An orc priest comes into view. It is wielding a +2 dagger of venom.
The orc priest shouts!
You hear a shout!
An adder comes into view. x2
An orc comes into view. It is wielding a +0 war axe.
An orc comes into view. It is wielding a +0 war axe.
The orc shouts!
The orc priest hits you but does no damage.
You are poisoned.
The orc priest attacks as you move away!
The orc priest misses you.
You feel sick.
The orc priest attacks as you move away!
The orc priest hits you with a +2 dagger of venom.
You are more poisoned.
You feel very sick.
The orc priest attacks as you move away!
The orc priest barely misses you.
You feel sick.
There is a stone staircase leading up here.
You feel sick.
The orc priest hits you with a +2 dagger of venom.
You are more poisoned.
You climb upwards.
You feel very sick.
There is a stone staircase leading down here.
You hit the orc priest but do no damage.
You feel very sick.
The orc priest hits you with a +2 dagger of venom.
* * * LOW HITPOINT WARNING * * *
You are more poisoned.
You slash the orc priest!
The orc priest is severely wounded.
You die...

###########
#.........#
####.........#####
...............o@#
####.........###.#
####.........# #.#
.......####'####.####
...###<# #.........#
##.#############.##.#
..........# #.##.#
.#.######.# #..#.#
.#.# #.# #..#.#


You could see an orc priest.

Vanquished Creatures
  An iguana (D:2)
  2 adders (D:2)
  2 orcs
  8 ball pythons
  2 giant cockroaches (D:1)
  4 goblins
  6 hobgoblins
  5 jackals (D:2)
  A quokka (D:1)
  5 bats
  3 frilled lizards
  3 kobolds (D:1)
  A spectral kobold (D:1)
43 creatures vanquished.

Vanquished Creatures (others)
  3 plants (D:3)
3 creatures vanquished.

Grand Total: 46 creatures vanquished

Notes
Turn   | Place    | Note
-------+----------+-------------------------------------------
     0 | D:1      | fleeber the Merfolk Gladiator began the quest for the Orb.
     0 | D:1      | Reached XP level 1. HP: 16/16 MP: 1/1
   519 | D:1      | Reached XP level 2. HP: 11/22 MP: 2/2
   521 | D:1      | Reached skill level 4 in Long Blades
   521 | D:1      | Reached skill level 1 in Transmutations
   975 | D:1      | Found a faded altar of an unknown god.
  1053 | D:1      | Reached XP level 3. HP: 26/27 MP: 4/4
  1300 | D:2      | Reached skill level 1 in Spellcasting
  2105 | D:2      | Reached XP level 4. HP: 25/33 MP: 5/5
  2575 | D:3      | Found a hazy altar of Hepliaklqana.
  2581 | D:2      | Reached skill level 5 in Long Blades
  2685 | D:2      | Succumbed to an orc priest's poison

Illustrated notes

Levels and vault maps discovered:
D:1:      dpeg_arrival_long_road, layout_basic,
          dreamdust_ecumenical_altar_drowned_temple, serial_park_tiny_pond
D:2:      layout_basic
D:3:      layout_rooms, nicolae_hepliaklqana_hazy_memory, ebering_ghost_gozag,
          columned_hall_lemuel

Skill      XL: |  1  2  3  4 |
---------------+-------------+-----
Long Blades    | 4 5 |  5.1
Transmutations | 1 2 |  2.4
Spellcasting   | 1 |  1.5
Fighting       | |  2.1
Throwing       | |  2.0
Dodging        | |  4.0

Action                   |  1- 3 |  4- 6 || total
-------------------------+-------+-------++-------
Melee: Long sword        |   128 |    17 ||   145
       Punch             |     1 |     1 ||     2
       Tailslap          |     1 |       ||     1
  Use: Scroll            |     2 |       ||     2
 Stab: Sleeping          |     1 |       ||     1
Armor: Leather armour    |    45 |     2 ||    47
Dodge: Dodged            |   101 |    28 ||   129
